 Dungeon Crawl Stone Soup version 0.30-a0-310-g7d6cbdfea6 (webtiles) character file.

Game seed: 1492653225332498694

417765 greasedhog the Gargoyle Cataclysm (level 23, -28/152 HPs)
             Began as a Gargoyle Reaver on Oct 24, 2022.
             Was a High Priest of Qazlal.
             Killed from afar by an ancient lich (82 damage)
             ... with a crystal spear
             ... on level 5 of the Vaults on Oct 25, 2022.
             The game lasted 01:43:46 (54822 turns).

greasedhog the Gargoyle Cataclysm (GrRe)           Turns: 54822, Time: 01:43:47

Health: -28/152    AC: 38    Str: 29    XL:     23   Next: 64%
Magic:  0/39       EV: 13    Int: 17    God:    Qazlal [*****.]
Gold:   2414       SH: 34    Dex:  8    Spells: 26/26 levels left

rFire   + + .      SeeInvis .    a - +7 demon whip (elec)
rCold   + + +      Faith    .    U - +8 tower shield {rF+}
rNeg    + . .      Spirit   +    h - +2 scale mail "Liozxad" {rPois rC+ Will+}
rPois   ∞          Reflect  .    E - +2 hat of the Bear Spirit {Spirit, *Rage Will++}
rElec   +          Harm     .    J - +0 cloak "Ziub" {rC+}
rCorr   +          Rampage  .    O - +0 pair of gloves
Will    ++++.      Rage     20%  (no boots)
Stlth   ..........               S - amulet of regeneration
HPRegen 1.25/turn                o - ring of resist corrosion
MPRegen 0.26/turn                N - ring "Viqifreq" {rF+ rC+ Str+3 Int+2}

@: protected from physical damage, on berserk cooldown, flying, slowed, repel
missiles, very slow
A: sickness immunity, AC +17, big wings, negative energy resistance 1,
electricity resistance, torment resistance 1, petrification resistance
}: 2/15 runes: decaying, serpentine
a: Renounce Religion, Upheaval, Elemental Force, Disaster Area


You were on level 5 of the Vaults.
You worshipped Qazlal.
Qazlal was extremely pleased with you.
You visited 8 branches of the dungeon, and saw 40 of its levels.
You also visited: Bailey and Gauntlet.

You collected 5004 gold pieces.
You spent 2590 gold pieces at shops.

Inventory:

Hand Weapons
 a - a +7 demon whip of electrocution (weapon)
 b - a +1 antimagic whip
 c - a +2 sacred scourge of holy wrath
Missiles
 p - 6 throwing nets (quivered)
Armour
 h - the +2 scale mail "Liozxad" (worn) {rPois rC+ Will+}
   (You found it in a Gauntlet)

   rC:        It protects you from cold.
   rPois:     It protects you from poison.
   Will:      It increases your willpower.
 E - the +2 hat of the Bear Spirit (worn) {Spirit, *Rage Will++}
   (You bought it in a shop on level 5 of the Dungeon)

   Going berserk makes the wearer tougher, and they're slowed less afterward.
   *Rage:     It berserks you when you make melee attacks (+20% chance).
   Will:      It greatly increases your willpower.
 J - the +0 cloak "Ziub" (worn) {rC+}
   (You acquired it in a bailey)

   rC:        It protects you from cold.
 O - a +0 pair of gloves (worn)
 U - a +8 tower shield of fire resistance (worn)
Jewellery
 m - a ring of positive energy
 o - a ring of resist corrosion (left hand)
 L - a ring of see invisible
 N - the ring "Viqifreq" (right hand) {rF+ rC+ Str+3 Int+2}
   (You acquired it on level 1 of the Depths)

   [ring of protection from fire]

   Str:       It affects your strength (+3).
   Int:       It affects your intelligence (+2).
   rF:        It protects you from fire.
   rC:        It protects you from cold.
 R - a ring of protection from cold
 S - an amulet of regeneration (around neck)
 T - a ring of fire
 X - the dreamshard necklace {*Dream Drain}
   (You found it on level 1 of the Snake Pit)

   [amulet of nothing]

   It shatters if its wearer takes lethal or near-lethal damage, preventing the
   blow and releasing protective dreams that heal and fight for the wearer.
   Drain:     It drains your maximum health when unequipped.
Wands
 i - a wand of flame (46)
 j - a wand of digging (15)
 l - a wand of polymorph (42)
 z - a wand of paralysis (40)
 P - a wand of roots (47)
 W - a wand of light (10)
 Y - a wand of mindburst (9)
Scrolls
 d - 18 scrolls of teleportation
 e - 2 scrolls of enchant armour
 k - 5 scrolls of amnesia
 n - 4 scrolls of fear
 q - 4 scrolls of blinking
 r - 3 scrolls of silence
 s - 7 scrolls of immolation
 t - 11 scrolls of magic mapping
 u - a scroll of brand weapon
 y - 8 scrolls of butterflies
 C - 10 scrolls of poison
 D - a scroll of summoning
Potions
 f - 6 potions of cancellation
 g - 3 potions of lignification
 v - 5 potions of heal wounds
 w - 6 potions of haste
 x - 9 potions of brilliance
 A - 5 potions of berserk rage
 B - 3 potions of resistance
 F - a potion of ambrosia
 G - 6 potions of magic
 H - 5 potions of invisibility
 I - 6 potions of mutation
 K - 6 potions of might
 M - 4 potions of attraction
 Q - 19 potions of curing
Miscellaneous
 V - a lightning rod (4/4)


   Skills:
 * Level 17.9 Fighting
 - Level 12.2 Maces & Flails
 - Level 15.0 Armour
 - Level 15.4 Dodging
 * Level 20.3 Shields
 - Level 2.0 Spellcasting
 - Level 3.2 Conjurations
 * Level 24.5 Invocations
 - Level 5.3 Evocations


You had 26 spell levels left.
You didn't know any spells.
Your spell library contained the following spells:

 Spells                   Type           Power      Damage    Failure   Level
 Magic Dart               Conj           48%        1d5       17%         1
 Searing Ray              Conj           24%        2d5       26%         2
 Kiss of Death            Conj/Necr      28%        2d7       34%         1
 Shock                    Conj/Air       28%        1d4       34%         1
 Momentum Strike          Conj/Tloc      14%        3d8       45%         2
 Apportation              Tloc           2%         N/A       54%         1
 Necrotise                Necr           4%         1d4       54%         1
 Sandblast                Erth           2%         2d4       54%         1
 Summon Small Mammal      Summ           4%         N/A       54%         1
 Blink                    Tloc           2%         N/A       69%         2
 Ensorcelled Hibernation  Hex/Ice        2%         N/A       69%         2
 Passwall                 Tmut/Erth      0%         N/A       69%         2
 Scorch                   Fire           2%         2d5       69%         2
 Dazzling Flash           Conj/Hex       14%        N/A       71%         3
 Hailstorm                Conj/Ice       7%         3d4       71%         3
 Stone Arrow              Conj/Erth      14%        3d7       71%         3
 Ignite Poison            Fire/Tmut/Pois 1%         N/A       89%         3
 Inner Flame              Hex/Fire       1%         N/A       89%         3
 Lesser Beckoning         Tloc           2%         N/A       89%         3
 Ozocubu's Armour         Ice            1%         N/A       89%         3
 Spider Form              Tmut/Pois      1%         N/A       89%         3
 Swiftness                Air            1%         N/A       89%         3
 Vampiric Draining        Necr           1%         2d6       89%         3
 Vhi's Electric Charge    Tloc/Air       2%         N/A       89%         3
 Flame Wave               Conj/Fire      7%         2d5       98%         4
 Fulminant Prism          Conj/Hex       3%         3d6       98%         4
 Sticky Flame             Conj/Fire      7%         2d3       98%         4
 Iskenderun's Battlesphe  Conj           12%        2d7       99%         5
 Airstrike                Air            0%         2d(1-17)  100%        4
 Anguish                  Hex/Necr       0%         N/A       100%        4
 Dispel Undead            Necr           1%         3d6       100%        4
 Leda's Liquefaction      Hex/Erth       0%         N/A       100%        4
 Manifold Assault         Tloc           1%         N/A       100%        4
 Agony                    Necr           1%         N/A       100%        5
 Arcjolt                  Conj/Air       3%         1d13      100%        5
 Borgnjor's Vile Clutch   Necr/Erth      0%         N/A       100%        5
 Fireball                 Conj/Fire      3%         3d4       100%        5
 Lee's Rapid Deconstruct  Erth           0%         3d4*      100%        5
 Metabolic Englaciation   Hex/Ice        0%         N/A       100%        5
 Conjure Ball Lightning   Conj/Air       3%         3x3d6     100%        6
 Death Channel            Necr           0%         N/A       100%        6
 Dispersal                Tloc           0%         N/A       100%        6
 Eringya's Noxious Bog    Tmut/Pois      0%         N/A       100%        6
 Simulacrum               Ice/Necr       0%         N/A       100%        6
 Summon Cactus Giant      Summ           0%         N/A       100%        6
 Enfeeble                 Hex            0%         N/A       100%        7
 Orb of Destruction       Conj           6%         9d6       100%        7
 Ozocubu's Refrigeration  Ice            0%         4d7       100%        7
 Storm Form               Tmut/Air       0%         N/A       100%        7
 Disjunction              Tloc           0%         N/A       100%        8
 Ignition                 Fire           0%         3d3       100%        8
 Maxwell's Capacitive Co  Air            0%         ∞         100%        8
 Summon Horrible Things   Summ           0%         N/A       100%        8
 Cigotuvi's Dreadful Rot  Necr/Pois/Air  Unusable   N/A       N/A         2
 Statue Form              Tmut/Erth      Unusable   N/A       N/A         6

Dungeon Overview and Level Annotations

Branches:
Dungeon (15/15)            Temple (1/1) D:7            Lair (5/5) D:11
  Swamp (4/4) Lair:3        Snake (4/4) Lair:3        Slime (0/5) Lair:4
    Orc (2/2) D:9             Elf (0/3) Orc:2        Vaults (5/5) D:13
  Crypt (0/3) Vaults:2     Depths (4/4) D:15            Zot (0/5) Depths:4
 Bailey (visited)         Gauntlet (visited)

Altars:
Ashenzari
Cheibriados
Dithmenos
Elyvilon
Fedhas
Gozag
Hepliaklqana
Kikubaaqudgha
Makhleb
Nemelex Xobeh
Okawaru
Qazlal
Ru
Sif Muna
Trog
Uskayaw
Vehumet
Wu Jian
Xom
Yredelemnul
Zin
The Shining One

Shops:
D:5 [   Orc:2 *(*[   Snake:1 *!*   Snake:3 (   Vaults:4 =   Depths:2 !
Depths:4 ?*

Portals:
Hell: Lair:5 Depths:1 Depths:2 Depths:3 Depths:4
Abyss: Depths:3
Pandemonium: Depths:2
Ziggurat: Depths:4

Annotations:
D:14 2 transporters, Nustrige's ghost, adept OpWn


Innate Abilities, Weirdness & Mutations

You are immune to sickness and miasma.
Your stone body is resilient. (AC +17)
You are immune to poison.
Your large and strong wings let you fly.
You resist negative energy. (rN+)
You are resistant to electric shocks. (rElec)
You are resistant to unholy torment.
You are immune to petrification.


Message History

As you read the scroll of fear, it crumbles to dust.
You assume a fearsome visage.
The ironbound preserver looks frightened!
The deep troll earth mage looks frightened!
The ironbound convoker looks frightened!
The ancient lich is unaffected.
The sphinx looks frightened!
The vault guard resists with some effort.
The vault guard looks frightened!
The vault warden looks frightened!
The hell knight looks frightened!
The fire giant looks frightened!
The war gargoyle is unaffected.
The deep troll resists with some effort.
The vault sentinel looks frightened!
The war gargoyle is unaffected.
You block the war gargoyle's attack.
The ancient lich mumbles some strange words.
The ancient lich flickers and vanishes!
Deactivating autopickup; reactivate with Ctrl-A.
The vault sentinel is engulfed in freezing vapours.
The vault sentinel starts to cry.
The sphinx is engulfed in blazing flames.
The hell knight is engulfed in freezing vapours.
The hell knight prays to its god.
The hell knight blinks!
You block the war gargoyle's attack. x2
The deep troll is struck by lightning.
You block the deep troll's attack.
The deep troll claws you but does no damage.
The deep troll claws you!
* * * LOW HITPOINT WARNING * * *
You hear some strange, mumbled words.
A crystal spear appears from out of thin air!
The crystal spear misses you.
The crystal spear hits the war gargoyle!!!
The hell knight utters an invocation to its god.
The hell knight blinks!
The war gargoyle closely misses you.
You feel much better.
The war gargoyle is struck by lightning.
You block the war gargoyle's attack.
You hear some strange, mumbled words.
A crystal spear appears from out of thin air!
The crystal spear hits you!!!!
Ouch! That really hurt!
You die...

## #....# ##.#
#....# #
#.#.##....# p#
#.#.#...T#...
#.......H..#
#####p.☼[)...##
.....○)p{<.[...
.....))@T)C..).
.....○9)9°.....
.(....)p.○[....
###....).p...##
#.#.....p.p...
#. .#..:...#...
. .#.#..≈..#...
(#.#.#....# ..


You could see an ironbound preserver (fleeing), a fire giant (strong, empowered,
fleeing), a sphinx (strong, empowered, fleeing), a vault warden (empowered,
fleeing), 2 vault guards, a hell knight (fast, fleeing), a deep troll, 2 war
gargoyles, a vault sentinel (empowered, fleeing, catching breath), an ironbound
convoker (empowered, fleeing) and a deep troll earth mage (fleeing).

Vanquished Creatures
  A juggernaut (Depths:3)
  Vashnia (Snake:2)
  A caustic shrike (Depths:3)
  the Enchantress (Depths:3)
  Jorgrun (D:9)
  A titan (Vaults:5)
  2 quicksilver dragons (Vaults:5)
  A walking frostbound tome (Depths:3)
  5 sphinxes
  A shadow dragon (Vaults:3)
  2 storm dragons
  2 thorn hunters
  3 tengu reavers
  The ghost of Sobieck the Spry, an adept KoEE of Dithmenos (Snake:1)
  2 daevas (Depths:2)
  A fenstrider witch (Swamp:3)
  4 frost giants
  3 nagarajas (Snake:4)
  Aizul (Snake:2)
  3 fire giants
  An emperor scorpion (Depths:3)
  Louise (Swamp:3)
  9 vault wardens
  A balrug (Depths:3)
  A draconian scorcher (Depths:3)
  2 orc warlords
  A reaper (Depths:1)
  3 spriggan defenders (Depths:3)
  3 ghouls (Swamp:4)
  6 caustic shrike skeletons (Depths:3)
  10 ironbound thunderhulks
  17 ironbound preservers
  4 angels (Depths:2)
  7 stone giants
  A vampire knight (Depths:1)
  17 very ugly things
  A black draconian (Depths:4)
  A green draconian (Depths:3)
  4 eleionomae
  14 dire elephants
  A yellow draconian (Depths:4)
  8 spark wasps (Depths:1)
  A minotaur (Gauntlet)
  A red draconian (Depths:3)
  5 ettins
  5 bunyips
  A blizzard demon (Depths:1)
  Snorg (Orc:2)
  2 shambling mangroves (Swamp:4)
  A merfolk impaler (Depths:2)
  3 fire dragons
  An entropy weaver (Vaults:3)
  9 great orbs of eyes
  A deep elf high priest (Vaults:5)
  5 rakshasas
  9 ice dragons
  14 yaktaur captains
  17 hydras
  27 vault guards
  A salamander tyrant (Snake:4)
  A hydra (shapeshifter) (Gauntlet)
  Harold (Orc:1)
  3 ogre magi
  Erica (Orc:1)
  8 spriggan air magi
  2 catoblepae
  A hell beast (Depths:1)
  6 anacondas
  A boulder beetle (shapeshifter) (Depths:2)
  A death knight (D:15)
  4 ironbound frosthearts
  8 alligators
  11 centaur warriors
  14 two-headed ogres
  7 boulder beetles
  A hell hog (Depths:4)
  2 deep troll shamans (Depths:1)
  21 death yaks
  9 naga warriors
  8 deep troll earth magi
  6 tengu warriors
  12 naga sharpshooters
  9 spriggan berserkers
  The ghost of blackman the Carver, a novice HuDe of Okawaru (D:8)
  Sonja (D:11)
  5 shock serpents
  2 deep elf knights
  8 soul eaters
  4 sun demons
  5 hell knights
  3 sixfirhies
  6 skeletal warriors
  Amaemon (D:8)
  5 salamander mystics (Snake:4)
  5 iron trolls
  9 spriggan druids
  6 cherubim (Depths:2)
  7 goliath frogs
  A deep elf archer (Depths:3)
  67 deep trolls
  4 naga ritualists
  17 swamp dragons
  A swamp dragon (shapeshifter) (Vaults:5)
  A spriggan simulacrum (Depths:1)
  3 glowing orange brains
  Pikel (D:4)
  An obsidian statue (Depths:1)
  8 bog bodies
  10 wizards
  4 necromancers
  21 ironbound convokers
  2 oklob plants (Lair:5)
  3 phantasmal warriors
  A tengu zombie (Depths:1)
  19 mana vipers
  4 harpies (Vaults:4)
  13 lindwurms
  7 deep elf pyromancers
  An orc sorcerer (Orc:1)
  A wolf spider (shapeshifter) (Vaults:5)
  The ghost of Darkkill the Skirmisher, a novice GnHu of Gozag (D:5)
  5 orc knights
  42 ugly things
  4 manticores
  4 will-o-the-wisps
  13 cyclopes
  A moth of wrath (D:8)
  17 salamanders
  7 guardian serpents
  4 orange demons
  11 naga magi
  10 vault sentinels
  Joseph (D:9)
  25 black mambas
  3 smoke demons
  An eye of devastation (shapeshifter) (Gauntlet)
  A frost giant skeleton (Depths:1)
  A torpor snail (Lair:5)
  17 cane toads
  A cane toad (shapeshifter) (D:14)
  2 spriggan zombies (D:15)
  2 gargoyles
  A hellion (Depths:1)
  22 yaktaurs
  An unseen horror (D:10)
  9 komodo dragons
  6 rime drakes
  A freezing wraith (D:14)
  6 tengu conjurers
  An efreet (D:14)
  A tormentor (Depths:1)
  16 trolls
  2 ice devils (Lair:5)
  2 hellwings
  2 polar bears (Lair:3)
  A bloated husk (Swamp:2)
  23 hornets
  A tarantella (Vaults:3)
  Grinder (D:4)
  A blink frog (Lair:5)
  28 slime creatures
  11 tyrant leeches
  10 dream sheep
  A stone giant simulacrum (Depths:1)
  A jumping spider (Vaults:3)
  3 wraiths
  8 water elementals
  A spriggan skeleton (D:15)
  2 shadows
  A vampire (D:9)
  43 spriggans
  4 wyverns
  6 basilisks
  Grum (D:9)
  23 yaks
  Eustachio (D:6)
  2 humans (shapeshifter)
  4 chaos spawn
  3 neqoxecs
  Edmund (D:4)
  A redback (shapeshifter) (Gauntlet)
  3 steam dragons
  3 vampire mosquitoes
  Menkaure (D:7)
  4 wargs
  A two-headed ogre zombie (D:9)
  36 nagas
  2 acid dragons
  16 water moccasins
  A floating eye (Depths:3)
  11 swamp worms
  A glowing shapeshifter skeleton (D:15)
  Duvessa (D:4)
  4 hell hounds (Lair:5)
  12 swamp drakes
  3 ice beasts
  29 orc warriors
  A sky beast (D:7)
  3 black bears
  22 ogres
  A black bear (shapeshifter) (D:14)
  11 centaurs
  12 wolves
  3 phantoms
  A lemure (D:3)
  16 bullfrogs
  3 kobold brigands
  5 scorpions
  3 necrophages
  5 gnoll sergeants
  5 wights (D:8)
  Dowan (D:4)
  8 killer bees
  3 electric eels
  4 howler monkeys
  2 lava snakes (D:9)
  2 hounds
  19 orc priests
  A gnoll bouda (D:6)
  Ijyb (D:4)
  Natasha (thrice) (D:2)
  6 hell rats (Lair:5)
  30 orc wizards
  4 iguanas (D:6)
  7 ogre zombies (D:9)
  25 gnolls
  12 adders
  2 white imps
  2 ufetubi (D:6)
  A worm (D:2)
  3 dart slugs
  101 orcs
  6 ball pythons
  7 bats
  An endoplasm (D:1)
  3 giant cockroaches (D:1)
  7 goblins
  8 hobgoblins
  3 jackals (D:1)
  4 quokkas
  6 frilled lizards
  2 goblin skeletons (D:9)
  A goblin zombie (D:9)
  2 hobgoblin skeletons (D:9)
  3 hobgoblin zombies (D:9)
  14 kobolds
  2 orc skeletons (D:9)
  15 orc zombies (D:9)
  4 rats
  5 briar patches (Swamp:3)
  A fire vortex (Depths:4)
1624 creatures vanquished.

Vanquished Creatures (collateral kills)
  Mennas (Vaults:1)
  Nikola (Swamp:1)
  A sphinx (Vaults:5)
  Roxanne (Swamp:4)
  A daeva (Depths:2)
  An iron dragon (Vaults:5)
  A vault warden (Vaults:1)
  A spriggan defender (Depths:3)
  3 ironbound preservers
  2 stone giants (Depths:3)
  A vault guard (Vaults:5)
  An alligator (Swamp:4)
  A salamander mystic (Snake:4)
  A goliath frog (Swamp:1)
  5 deep trolls
  A bog body (Swamp:1)
  2 mana vipers (Snake:4)
  A will-o-the-wisp (Swamp:4)
  A cane toad (Lair:5)
  A yaktaur (Vaults:1)
  A hornet (Swamp:1)
  4 blink frogs (Lair:5)
  2 spriggans (Swamp:1)
  3 yaks (Lair:5)
  An orc wizard (D:4)
  An adder (D:4)
40 creatures vanquished.

Vanquished Creatures (others)
  Asterion (Depths:2)
  A shadow dragon (Depths:4)
  A rakshasa (Depths:3)
  A goliath frog (Swamp:4)
  A naga mage (Snake:4)
  A vault sentinel (Vaults:3)
  A bloated husk (Swamp:2)
  2 spriggans
  4 vampire mosquitoes (Swamp:2)
  A swamp worm (Swamp:2)
  A naga (Snake:4)
  An orc wizard (Orc:1)
  2 orcs
  A bush (Lair:2)
  2 demonic plants (Gauntlet)
  19 foxfires
  65 fungi
  61 plants
  10 withered plants
176 creatures vanquished.

Grand Total: 1840 creatures vanquished

Notes
Turn   | Place    | Note
-------+----------+-------------------------------------------
     0 | D:1      | greasedhog the Gargoyle Reaver began the quest for the Orb.
     0 | D:1      | Reached XP level 1. HP: 12/12 MP: 3/3
    67 | D:1      | Reached XP level 2. HP: 18/18 MP: 5/5
   256 | D:1      | Reached XP level 3. HP: 8/22 MP: 6/6
   903 | D:2      | Reached XP level 4. HP: 27/28 MP: 7/7
   930 | D:2      | Identified the +2 ring mail of Yesterday {+Blink Will-
                  | rCorr SInv}
  1159 | D:2      | Noticed Natasha
  1172 | D:2      | Killed Natasha
  1173 | D:2      | Reached XP level 5. HP: 14/32 MP: 8/8
  1400 | D:2      | Noticed Natasha
  1413 | D:2      | Killed Natasha
  1497 | D:2      | Noticed Natasha
  1500 | D:2      | Killed Natasha
  2278 | D:4      | Noticed Ijyb
  2286 | D:4      | Noticed Grinder
  2303 | D:4      | Killed Ijyb
  2315 | D:4      | Reached XP level 6. HP: 18/38 MP: 9/9
  2546 | D:4      | Noticed Duvessa
  2546 | D:4      | Noticed Dowan
  2593 | D:4      | Noticed Pikel
  3085 | D:4      | Killed Grinder
  3086 | D:4      | Reached skill level 5 in Maces & Flails
  3086 | D:4      | Reached XP level 7. HP: 30/44 MP: 10/10
  3182 | D:4      | Killed Pikel
  3183 | D:4      | Reached XP level 8. HP: 14/51 MP: 11/11
  3446 | D:4      | Noticed Edmund
  3477 | D:4      | Killed Edmund
  3478 | D:4      | Reached skill level 1 in Armour
  3577 | D:4      | Killed Duvessa
  3663 | D:4      | Killed Dowan
  4042 | D:5      | Entered Level 5 of the Dungeon
  4059 | D:5      | Reached skill level 5 in Dodging
  4217 | D:5      | Found a runed translucent door.
  4224 | D:5      | Noticed Darkkill's ghost (novice GnHu)
  4279 | D:5      | Reached skill level 1 in Evocations
  4433 | D:5      | Found Fippiunu's Armour Boutique.
  5072 | D:6      | Reached XP level 9. HP: 55/55 MP: 12/12
  5729 | D:6      | Noticed Eustachio
  5738 | D:6      | Killed Eustachio
  5739 | D:6      | Reached skill level 5 in Armour
  5757 | D:6      | Found a sparkling altar of Nemelex Xobeh.
  6090 | D:7      | Found a staircase to the Ecumenical Temple.
  6151 | Temple   | Entered the Ecumenical Temple
  6238 | Temple   | Became a worshipper of Qazlal Stormbringer
  6274 | D:7      | Found a large runed translucent door.
  6281 | D:7      | Found a large runed translucent door.
  6441 | D:7      | Found a white marble altar of Elyvilon.
  6442 | D:7      | Found a glowing silver altar of Zin.
  6442 | D:7      | Found a glowing golden altar of the Shining One.
  6471 | D:7      | Noticed Menkaure
  6633 | D:7      | Killed Menkaure
  7087 | D:7      | Reached XP level 10. HP: 61/63 MP: 13/13
  7122 | D:7      | Reached skill level 5 in Evocations
  8016 | D:7      | Found a burning altar of Makhleb.
  8039 | D:7      | Found a sacrificial altar of Ru.
  8249 | D:8      | Reached skill level 1 in Invocations
  8300 | D:8      | Reached * piety under Qazlal
  8311 | D:8      | Reached skill level 2 in Invocations
  8450 | D:8      | Reached skill level 3 in Invocations
  8505 | D:8      | Found an ancient bone altar of Kikubaaqudgha.
  8705 | D:8      | Noticed a deep elf pyromancer
  8705 | D:8      | Noticed a centaur warrior
  8706 | D:8      | Noticed a centaur warrior
  8706 | D:8      | Noticed a cyclops
  8709 | D:8      | Killed a deep elf pyromancer
  8709 | D:8      | Noticed a purple ugly thing
  8710 | D:8      | Reached skill level 4 in Invocations
  8712 | D:8      | Noticed a manticore
  8712 | D:8      | Killed a centaur warrior
  8712 | D:8      | Killed a centaur warrior
  8712 | D:8      | Killed a cyclops
  8712 | D:8      | Killed a purple ugly thing
  8712 | D:8      | Killed a manticore
  8713 | D:8      | Reached skill level 10 in Maces & Flails
  8713 | D:8      | Reached skill level 5 in Invocations
  8713 | D:8      | Reached XP level 11. HP: 45/72 MP: 13/15
  8734 | D:8      | Reached skill level 6 in Invocations
  8737 | D:8      | Reached skill level 10 in Fighting
  8904 | D:8      | Noticed Amaemon
  8908 | D:8      | Reached ** piety under Qazlal
  8913 | D:8      | Killed Amaemon
  8971 | D:8      | Found a transporter.
  9299 | D:8      | Found a transporter.
  9300 | D:8      | Noticed blackman's ghost (novice HuDe)
  9300 | D:8      | Noticed a moth of wrath
  9315 | D:8      | Found a bloodstained altar of Trog.
  9315 | D:8      | Noticed a two-headed ogre
  9511 | D:8      | Identified the ring "Plog" {rElec rN+++ Str+6 Int-5 Slay-3}
  9765 | D:9      | Reached skill level 7 in Invocations
  9784 | D:9      | Identified the +6 chain mail of Mirth {Int+5 Dex-2}
  9939 | D:9      | Found a hide-covered altar of Uskayaw.
  9992 | D:9      | Noticed a two-headed ogre
  9999 | D:9      | Killed a two-headed ogre
 10117 | D:9      | Noticed Grum
 10137 | D:9      | Killed Grum
 10140 | D:9      | Reached XP level 12. HP: 67/77 MP: 17/17
 10276 | D:9      | Found a blossoming altar of Fedhas.
 10333 | D:9      | Found a snail-covered altar of Cheibriados.
 10334 | D:9      | Found a shadowy altar of Dithmenos.
 10335 | D:9      | Found a hazy altar of Hepliaklqana.
 10472 | D:9      | Reached *** piety under Qazlal
 10522 | D:9      | Noticed Joseph
 10547 | D:9      | Killed Joseph
 10548 | D:9      | Reached skill level 8 in Invocations
 10620 | D:9      | Found a staircase to the Orcish Mines.
 10957 | D:10     | Entered Level 10 of the Dungeon
 10964 | D:10     | Noticed a two-headed ogre
 10973 | D:10     | Killed a two-headed ogre
 11071 | D:10     | Noticed a two-headed ogre
 11080 | D:10     | Killed a two-headed ogre
 11081 | D:10     | Found a bloodstained altar of Trog.
 11140 | D:10     | Reached **** piety under Qazlal
 11215 | D:10     | Found a flagged portal.
 11275 | Bailey   | Entered a bailey
 11581 | Bailey   | Acquired the +0 cloak "Ziub" {rC+}
 12357 | D:11     | Reached ***** piety under Qazlal
 12364 | D:11     | Reached skill level 9 in Invocations
 12467 | D:11     | Noticed a two-headed ogre
 12478 | D:11     | Killed a two-headed ogre
 12580 | D:11     | Noticed a two-headed ogre
 12586 | D:11     | Noticed Sonja
 12591 | D:11     | Killed a two-headed ogre
 12651 | D:11     | Killed Sonja
 12881 | D:11     | Reached skill level 10 in Invocations
 12913 | D:11     | Found a staircase to the Lair.
 12935 | D:11     | Reached XP level 13. HP: 64/82 MP: 20/20
 13382 | Lair:1   | Entered Level 1 of the Lair of Beasts
 13549 | D:5      | Bought the +2 hat of the Bear Spirit {Spirit, *Rage Will++}
                  | for 453 gold pieces
 13549 | D:5      | Found the +2 hat of the Bear Spirit {Spirit, *Rage Will++}
 13559 | D:5      | Bought a +0 tower shield for 58 gold pieces
 13835 | Lair:1   | Found an opulent altar of Gozag.
 14091 | Lair:1   | Reached skill level 10 in Armour
 14273 | Lair:1   | Identified the +0 scale mail of Grim the Good {rElec Will-
                  | rCorr Dex-2}
 15529 | Lair:2   | You fall into a shaft and drop 1 floor!
 15714 | Lair:3   | Found a staircase to the Swamp.
 15768 | Lair:3   | Reached skill level 11 in Invocations
 16141 | Lair:3   | Reached skill level 1 in Shields
 16470 | Lair:3   | Found a staircase to the Snake Pit.
 17695 | Lair:4   | Reached skill level 12 in Invocations
 17836 | Lair:4   | Gained mutation: Your large and strong wings let you fly.
                  | [Gargoyle growth]
 17836 | Lair:4   | Reached XP level 14. HP: 88/88 MP: 23/23
 17879 | Lair:4   | Found a staircase to the Slime Pits.
 18471 | Lair:5   | Entered Level 5 of the Lair of Beasts
 18495 | Lair:5   | Reached skill level 5 in Shields
 19777 | Lair:5   | Found a burning altar of Makhleb.
 19786 | Lair:5   | Reached skill level 13 in Invocations
 19802 | Lair:5   | Reached ****** piety under Qazlal
 19868 | Lair:5   | Found a gateway to Hell.
 19875 | Lair:5   | Identified the +8 dagger of Nightmares {venom, rC- Int+7
                  | Dex+3}
 20437 | Orc:1    | Entered Level 1 of the Orcish Mines
 20443 | Orc:1    | Noticed Jorgrun
 20773 | D:9      | Killed Jorgrun
 21118 | Orc:2    | Entered Level 2 of the Orcish Mines
 21199 | Orc:2    | Noticed an orc warlord
 21322 | D:9      | Reached XP level 15. HP: 69/92 MP: 21/25
 21611 | Orc:1    | Reached skill level 14 in Invocations
 21711 | Orc:1    | Reached skill level 10 in Dodging
 21884 | Orc:2    | Found a staircase to the Elven Halls.
 21903 | Orc:1    | Killed an orc warlord
 22228 | Orc:2    | Found Pucatwel's Antique Armour Shop.
 22230 | Orc:2    | Found Baesag's Antique Weapon Shoppe.
 22233 | Orc:2    | Found Diotwarph's General Store.
 22234 | Orc:2    | Found Hearis's General Store.
 22645 | Orc:1    | Noticed Harold
 22645 | Orc:1    | Noticed Snorg
 22666 | Orc:2    | Killed Snorg
 22994 | Orc:1    | Killed Harold
 23119 | Orc:1    | Noticed Erica
 23127 | Orc:1    | Killed Erica
 23198 | Orc:2    | Bought a steaming plate armour for 896 gold pieces
 23198 | Orc:2    | Identified the +0 plate armour of Quick Leaves {rN++ rCorr
                  | Str-5} (You bought it in a shop on level 2 of the Orcish
                  | Mines)
 24195 | D:13     | Reached skill level 10 in Shields
 24320 | D:13     | Found a gate leading to a gauntlet.
 24337 | Gauntlet | Entered a Gauntlet
 24337 | Gauntlet | Found a transporter.
 24349 | Gauntlet | Found a transporter.
 24360 | Gauntlet | Found a transporter.
 24363 | Gauntlet | Found a transporter.
 24372 | Gauntlet | Found a transporter.
 24393 | Gauntlet | Found a transporter.
 24404 | Gauntlet | Found a transporter.
 24414 | Gauntlet | Found a transporter.
 24433 | Gauntlet | Found a transporter.
 24447 | Gauntlet | Found a transporter.
 24447 | Gauntlet | Found a transporter.
 24496 | Gauntlet | Found a transporter.
 24511 | Gauntlet | Found a transporter.
 24524 | Gauntlet | Found a transporter.
 24529 | Gauntlet | Noticed a sphinx
 24530 | Gauntlet | a sphinx changed into an eleionoma
 24532 | Gauntlet | an eleionoma changed into a fire giant
 24532 | Gauntlet | Noticed a fire giant (glowing shapeshifter)
 24533 | Gauntlet | a fire giant changed into an azure jelly
 24533 | Gauntlet | Noticed an azure jelly (glowing shapeshifter)
 24536 | Gauntlet | an azure jelly changed into a fenstrider witch
 24536 | Gauntlet | Noticed a fenstrider witch (glowing shapeshifter)
 24542 | Gauntlet | a fenstrider witch changed into a fire giant
 24542 | Gauntlet | Noticed a fire giant (glowing shapeshifter)
 24561 | Gauntlet | Noticed a shadow dragon
 24561 | Gauntlet | a shadow dragon changed into a sphinx
 24561 | Gauntlet | Noticed a sphinx (glowing shapeshifter)
 24563 | Gauntlet | a sphinx changed into an azure jelly
 24563 | Gauntlet | Noticed an azure jelly (glowing shapeshifter)
 24564 | Gauntlet | an azure jelly changed into a death yak
 24710 | Gauntlet | Identified the +2 scale mail "Liozxad" {rPois rC+ Will+}
 24715 | Gauntlet | Got the Precepts of Accomplices and Terra Firma
 24838 | Gauntlet | Identified the +1 pair of gloves of the Destroying Gods
                  | {Fly rPois Str-4 Dex+4}
 25169 | D:13     | Reached skill level 15 in Invocations
 25475 | D:13     | Found a gate to the Vaults.
 26108 | D:14     | Noticed Nustrige's ghost (adept OpWn)
 26123 | D:14     | Reached XP level 16. HP: 101/101 MP: 27/27
 26229 | D:14     | Found a transporter.
 26265 | D:14     | You are sucked into a shaft and drop 1 floor!
 26265 | D:15     | Entered Level 15 of the Dungeon
 26474 | D:15     | Found a staircase to the Depths.
 27843 | D:14     | Found a transporter.
 28404 | D:5      | Killed Darkkill's ghost
 28574 | D:8      | Reached skill level 16 in Invocations
 28589 | D:8      | Killed blackman's ghost
 28913 | Swamp:1  | Entered Level 1 of the Swamp
 29103 | Swamp:1  | Noticed Nikola
 29127 | Swamp:1  | Killed Nikola
 29230 | Swamp:1  | Identified the ring of Ykieg {rPois EV+4 Int+8 Slay-6 SInv}
 30682 | Swamp:3  | Noticed a thorn hunter
 30696 | Swamp:3  | Killed a thorn hunter
 30709 | Swamp:3  | Reached XP level 17. HP: 110/110 MP: 22/29
 30834 | Swamp:3  | Noticed Louise
 30852 | Swamp:3  | Killed Louise
 31136 | Swamp:3  | Reached skill level 17 in Invocations
 31621 | Swamp:4  | Entered Level 4 of the Swamp
 32240 | Swamp:4  | Reached skill level 15 in Fighting
 32306 | Swamp:4  | Got a decaying rune of Zot
 32454 | Swamp:4  | Noticed Roxanne
 32497 | Swamp:4  | Killed Roxanne
 32855 | Snake:1  | Entered Level 1 of the Snake Pit
 32922 | Snake:1  | Reached skill level 18 in Invocations
 32977 | Snake:1  | Upgraded the game from 0.30-a0-305-g026cb31310 to
                  | 0.30-a0-310-g7d6cbdfea6
 33264 | Snake:1  | Found Kucsar's General Store.
 33272 | Snake:1  | Found Firru's Distillery.
 33275 | Snake:1  | Found Umiq's Assorted Antiques.
 33279 | Snake:1  | Bought a potion of haste for 180 gold pieces
 33279 | Snake:1  | Bought a potion of heal wounds for 90 gold pieces
 33279 | Snake:1  | Bought a potion of curing for 54 gold pieces
 33444 | Snake:1  | Identified the +5 trident "Vukles" {freeze, *Corrode Str+2
                  | Dex+2}
 33696 | Snake:1  | Found a runed translucent door.
 33696 | Snake:1  | Found the dreamshard necklace {*Dream Drain}
 33697 | Snake:1  | Noticed Sobieck's ghost (adept KoEE)
 33755 | Snake:1  | Killed Sobieck's ghost
 33855 | Snake:2  | Noticed Vashnia
 33909 | Snake:2  | Killed Vashnia
 33910 | Snake:2  | Reached XP level 18. HP: 119/119 MP: 15/31
 34329 | Snake:2  | Noticed Aizul
 34364 | Snake:2  | Killed Aizul
 36063 | Snake:3  | Found Ucoynaqe's Weapon Shoppe.
 36721 | Snake:4  | Entered Level 4 of the Snake Pit
 37641 | Snake:4  | Reached skill level 19 in Invocations
 38592 | Snake:4  | Reached XP level 19. HP: 85/124 MP: 13/32
 38746 | Snake:4  | Got a serpentine rune of Zot
 39109 | Vaults:1 | Entered Level 1 of the Vaults
 39926 | Vaults:1 | Reached skill level 20 in Invocations
 40615 | Vaults:2 | Noticed Mennas
 40688 | Vaults:1 | Killed Mennas
 40952 | Vaults:2 | Reached skill level 15 in Armour
 41428 | Vaults:2 | Reached XP level 20. HP: 50/129 MP: 10/34
 41808 | Vaults:2 | Reached skill level 15 in Shields
 41921 | Vaults:2 | Found a staircase to the Crypt.
 42588 | Vaults:2 | Reached skill level 21 in Invocations
 44645 | Vaults:4 | Found Logg's Jewellery Emporium.
 44714 | Vaults:4 | Reached XP level 21. HP: 134/134 MP: 35/35
 45108 | Vaults:4 | Identified the ring "Neanumna" {Fly Str+3 Dex+2}
 45118 | Vaults:4 | Reached skill level 22 in Invocations
 45784 | Vaults:4 | Found a transporter.
 45802 | Vaults:4 | Found a transporter.
 46378 | Depths:1 | Entered Level 1 of the Depths
 46746 | Depths:1 | Reached skill level 15 in Dodging
 46829 | Depths:1 | Found a glowing golden altar of the Shining One.
 47672 | Depths:1 | Acquired the ring "Viqifreq" {rF+ rC+ Str+3 Int+2}
 48006 | Depths:1 | Got the Directory of Reshaped Enchantment
 48308 | Depths:2 | Noticed Asterion
 48334 | Depths:2 | Killed Asterion
 48339 | Depths:2 | Reached XP level 22. HP: 92/140 MP: 23/37
 48456 | Depths:2 | Found Jaad's Distillery.
 48492 | Depths:2 | Bought a potion of curing for 63 gold pieces
 48492 | Depths:2 | Bought a potion of heal wounds for 105 gold pieces
 48492 | Depths:2 | Bought a potion of curing for 63 gold pieces
 48495 | Depths:2 | Identified the +1 leather armour "Inusor" {-Tele Rampage
                  | Int+4}
 48623 | Depths:2 | Reached skill level 23 in Invocations
 49217 | Depths:2 | Found a glowing silver altar of Zin.
 49290 | Depths:2 | Identified the +10 sling of Ambiguity {speed, Str+4}
 50029 | Depths:2 | Found a one-way gate leading to the halls of Pandemonium.
 50765 | Depths:3 | Noticed a caustic shrike
 50776 | Depths:3 | Killed a caustic shrike
 51329 | Depths:3 | Found a bloodstained altar of Trog.
 51443 | Depths:3 | Found a one-way gate to the infinite horrors of the Abyss.
 51890 | Depths:3 | Noticed the Enchantress
 51916 | Depths:3 | Killed the Enchantress
 52722 | Depths:4 | Entered Level 4 of the Depths
 52777 | Depths:4 | Noticed a juggernaut
 52788 | Depths:3 | Paralysed by a floating eye for 2 turns
 52851 | Depths:3 | Killed a juggernaut
 52978 | Depths:3 | Reached XP level 23. HP: 148/148 MP: 36/38
 53139 | Depths:3 | Reached skill level 24 in Invocations
 53691 | Depths:4 | Found Feufy's CLEARANCE SALE!.
 53702 | Depths:4 | Bought a wand of mindburst (9) for 50 gold pieces
 53744 | Depths:4 | Found a one-way gateway to a ziggurat.
 53933 | Depths:4 | Found a gate to the Realm of Zot.
 54088 | Depths:4 | Found Zoes Hoiloni's Magic Scroll Boutique.
 54096 | Depths:4 | Bought a scroll of immolation for 76 gold pieces
 54096 | Depths:4 | Bought a scroll of enchant armour for 142 gold pieces
 54096 | Depths:4 | Bought a scroll of enchant weapon for 142 gold pieces
 54096 | Depths:4 | Bought a scroll of magic mapping for 142 gold pieces
 54096 | Depths:4 | Bought a scroll of butterflies for 76 gold pieces
 54105 | Depths:4 | Identified the +3 hand axe of Sudden Death {spect, *Noise
                  | rN+ Int+3}
 54768 | Vaults:5 | Entered Level 5 of the Vaults
 54808 | Vaults:5 | Noticed an ancient lich
 54822 | Vaults:5 | Killed from afar by an ancient lich

Illustrated notes

Levels and vault maps discovered:
D:1:      minmay_arrival_jagged, layout_rooms, minmay_pentomino_o2
D:2:      layout_basic, uniq_natasha
D:3:      layout_basic
D:4:      layout_rooms, uniq_grinder, uniq_pikel, uniq_ijyb, uniq_duvessa,
          uniq_edmund
D:5:      layout_cave_pods, serial_shops, nicolae_shop_crystal,
          ebering_ghost_sewer_d, uniq_crazy_yiuf_cottage
D:6:      minmay_chambers_of_threes, layout_basic,
          mainiacjoe_overflow_surrounded_room, uniq_eustachio
D:7:      minmay_bubble_buster, layout_loops_ring, dreamdust_divine_triumvirate,
          jmf_multi_god_temple2, minmay_temple_entry_wispy, uniq_menkaure
D:8:      minmay_the_grid_triangle_9x9_rhombus_thin
          [minmay_the_grid_triangle_9x9_longest,
          minmay_the_grid_triangle_9x9_prize_center,
          minmay_the_grid_triangle_9x9_alien,
          minmay_the_grid_triangle_9x9_semitri], layout_basic,
          kiku_gazebo_garden_becter, gammafunk_ghost_wrathful_warriors,
          uniq_amaemon
D:9:      layout_loops_corners, mainiacjoe_overflow_alcove_2, marbit_many_paths,
          chequers_temple_overflow_statue_of_worship, zombieorc2_lemuel,
          kennysheep_generic_room_2, uniq_grum, uniq_joseph
D:10:     layout_irregular_city, kennysheep_mini_moat,
          lightli_bailey_entry_fortress
D:11:     layout_basic, due_lair_maze_entry_diamond, uniq_sonja
D:12:     layout_roguey [special_room_orc]
D:13:     minmay_angry_zag, layout_loops_cross, grunt_vaults_entry_fortified,
          gauntlet_entry_generic, serial_rivers, chequers_serial_rivers_small_b,
          chequers_serial_rivers_micro_e, chequers_serial_rivers_small_a,
          chequers_serial_rivers_marsh
D:14:     layout_basic, gammafunk_ghost_arena, serial_bayou_pond_a
D:15:     gammafunk_depths_entry_grave, layout_basic
Temple:   dpeg_three_leaves_temple
Lair:1:   layout_chaotic_city, basic_altar, grunt_megastairs_1
Lair:2:   layout_long_grid
Lair:3:   layout_gridlike, swamp_mist, dummy_snake_entry,
          eino_small_chamber_without_monster
Lair:4:   layout_gridlike, slime_entry_1, grunt_megastairs_2
Lair:5:   evil_forest, layout_regular_city, portal_ice_cave_entry_pillars_2,
          st_stairs_3, minmay_lair_oklob_items, serial_bayou_shore_b
Swamp:1:  layout_falls_marsh, evilmike_swamp_ruin_house_5, uniq_nikola
Swamp:2:  layout_basic_swamp, nicolae_swamp_tree_isthmus, swamp_pool5,
          st_swamp_ruins_3
Swamp:3:  layout_basic_swamp, evilmike_swamp_ruin_house_6, swamp_pool4,
          cheibrodos_swamp_witchery, infiniplex_staircase_pool_2, uniq_louise
Swamp:4:  swamp_basic_johnstein, layout_basic_swamp, infiniplex_staircase_pool,
          uniq_roxanne
Snake:1:  layout_basic, gammafunk_ghost_grave, nicolae_snake_gridmaze_big_u,
          nicolae_snake_squiggles, st_stairs_12, nicolae_snake_serpentine_bazaar
Snake:2:  layout_gridlike, uniq_vashnia, uniq_aizul
Snake:3:  layout_chambers, serial_shops, nicolae_shop_crystal,
          nicolae_snake_mages_go_home
Snake:4:  snake_pit_salamanders_mu, layout_chambers,
          hangedman_snake_corridor_split
Orc:1:    layout_caves, basic_altar, uniq_harold, uniq_erica, uniq_snorg,
          uniq_jorgrun
Orc:2:    st_orc_open, layout_caves
Vaults:1: vaults_dpeg_diagonal, ontoclasm_vaults_ring_square,
          ontoclasm_vaults_chip, grunt_vaults_focal, grunt_vaults_hallway_short,
          vaults_dpeg_cross, nicolae_vaults_alarming, v_pattern_3,
          nicolae_vaults_network_quinsquares
          [nicolae_vaults_network_quincunx_subvault,
          nicolae_vaults_network_quincunx_subvault,
          nicolae_vaults_network_quincunx_subvault,
          nicolae_vaults_network_quincunx_subvault], v_misc_25,
          layout_vaults_maze_bifur
Vaults:2: v_rooms_1, grunt_vaults_hallway_long, ontoclasm_vaults_bender,
          v_rooms_5, ontoclasm_vaults_hangar, nicolae_vaults_twisting_passages,
          hangedman_vaults_stream, vaults_room_stairs_pillars,
          nicolae_vaults_network_periphery, v_misc_13,
          vaults_standard_mumra_lines, st_lattice, vaults_room_semicircle,
          layout_vaults_omnicross, uniq_mennas
Vaults:3: hangedman_vaults_trim, grunt_vaults_twisty, vaults_dpeg_hooks,
          ontoclasm_vaults_ring_large, v_alt_pattern_2,
          ontoclasm_vaults_gallery, nicolae_vaults_border_crossing, v_misc_14,
          vaults_mumra_minichess_inversion, nicolae_vaults_little_ls,
          hangedman_vaults_snaps, layout_vaults_omnibox
Vaults:4: v_alt_pattern_3, vaults_room_grunt_arrival_ludios,
          hangedman_vaults_unwind, gammafunk_the_bubble
          [the_bubble_gammafunk_split], ontoclasm_vaults_ring_small,
          grunt_vaults_hallway_long, vaults_room_hallway,
          layout_vaults_quadrants, serial_shops, shop
Vaults:5: serial_shops
Depths:1: layout_basic, grunt_hell_entry_demonic_statue, old_standard_altar,
          serial_co_window_serial, co_window_paths_a, co_window_corner_a,
          co_window_corner_a, co_window_paths_a, co_window_corner_a,
          co_window_paths_a, co_window_paths_a, co_window_of_opportunity_b,
          co_window_2corner, co_window_broadway_a, co_window_4corner_b,
          co_window_paths_e, glass_columns_a, glass_columns_b, glass_columns_a,
          glass_columns_a, glass_columns_b, kennysheep_just_a_vault
Depths:2: evilmike_silver_temple, layout_gridlike, serial_shops, shop,
          pan_entry, hell_entry, uniq_asterion
Depths:3: spriggan_forest, abyss_entry, hell_entry
Depths:4: evilmike_zot_entry_basic, layout_gridville, enter_ziggurat_c,
          hellmouth_3, serial_shops, nicolae_shop_crystal,
          nicolae_triple_integral, nicolae_shop_clearance

Skill      XL: |  1  2  3  4  5  6  7  8  9 10 11 12 13 14 15 16 17 18 19 20 21 22 23 |
---------------+----------------------------------------------------------------------+-----
Dodging        | 2 3 4 5 6 8 9 10 11 13 14 15 | 15.4
Fighting       | 3 4 6 7 9 10 11 13 15 16 17 | 17.9
Maces & Flails | 4 5 6 7 8 10 11 12 | 12.2
Armour         | 3 5 6 9 10 11 13 15 | 15.0
Evocations     | 2 4 5 |  5.3
Invocations    | 5 7 10 12 13 15 16 18 19 20 21 22 23 24 | 24.5
Shields        | 4 8 11 13 14 16 18 19 20 | 20.3
Spellcasting   | |  2.0
Conjurations   | |  3.2

Action                   |  1- 3 |  4- 6 |  7- 9 | 10-12 | 13-15 | 16-18 | 19-21 | 22-24 || total
-------------------------+-------+-------+-------+-------+-------+-------+-------+-------++-------
Melee: Mace              |   126 |   160 |   327 |   223 |       |       |       |       ||   836
       Punch             |     2 |     1 |     2 |    13 |       |       |       |       ||    18
       Unarmed           |       |       |     2 |       |       |       |       |       ||     2
       Demon whip        |       |       |       |   671 |  1097 |  2222 |  1978 |  1392 ||  7360
       Sacred scourge    |       |       |       |       |       |       |    57 |    65 ||   122
Throw: Dart              |       |       |     2 |     3 |       |       |       |       ||     5
Invok: Elemental Force   |       |       |       |       |     3 |     6 |     4 |     4 ||    17
       Disaster Area     |       |       |       |       |     5 |     1 |     6 |     4 ||    16
       Upheaval          |       |       |       |       |     1 |     4 |     8 |     1 ||    14
Evoke: Wand              |       |       |    11 |    12 |       |       |       |       ||    23
  Use: Scroll            |     2 |     9 |     6 |    12 |     8 |     3 |    13 |     3 ||    56
       Potion            |       |     6 |     6 |       |     1 |       |    11 |     1 ||    25
 Stab: Invisible         |       |     3 |       |       |       |       |       |       ||     3
       Paralysed         |       |       |       |       |     5 |     1 |       |     1 ||     7
       Distracted        |       |       |       |       |       |     1 |       |     1 ||     2
       Confused          |       |       |       |       |       |     1 |       |       ||     1
Armor: Leather armour    |    27 |       |       |       |       |       |       |       ||    27
       Scale mail        |    38 |     7 |       |       |       |   585 |   670 |   315 ||  1615
       Ring mail         |       |    62 |   172 |   285 |   254 |       |       |       ||   773
       Skin              |       |    15 |     1 |       |       |       |       |       ||    16
       Plate armour      |       |       |       |       |   150 |    81 |       |       ||   231
Dodge: Dodged            |    91 |   132 |   262 |   450 |   298 |   543 |   441 |   219 ||  2436
       Repelled          |       |       |       |       |     6 |    39 |     6 |     8 ||    59
Block: Other             |       |       |       |    89 |       |       |       |       ||    89
       Tower shield      |       |       |       |       |  1048 |   248 |  2086 |  1631 ||  5013
       Kite shield       |       |       |       |       |       |  1587 |   339 |       ||  1926
       Reflection        |       |       |       |       |       |    15 |     9 |       ||    24

Table legend: (Time is in decaauts)
 A = Elapsed time spent in this place.
 B = Non-inter-level travel time spent in this place.
 C = Inter-level travel time spent in this place.
 D = Time resting spent in this place.
 E = Time spent auto-exploring this place.
 F = Levels seen in this place.
 G = Mean time per level.
                   A        B        C        D        E       F      G
               +--------+--------+--------+--------+--------+-----+--------+
         Total |  53424 |  49213 |   4211 |  12259 |  26503 |  42 | 1272.0 |
       Dungeon |  19727 |  17188 |   2539 |   4230 |   9426 |  15 | 1315.1 |
        Temple |     97 |     67 |     30 |      0 |     58 |   1 |   97.0 |
          Lair |   6367 |   5793 |    574 |   1133 |   3816 |   5 | 1273.4 |
         Swamp |   3623 |   3466 |    157 |    958 |   1660 |   4 |  905.8 |
     Snake Pit |   5804 |   5587 |    217 |   1326 |   3214 |   4 | 1451.0 |
  Orcish Mines |   2382 |   2273 |    109 |   1220 |    708 |   2 | 1191.0 |
        Vaults |   6860 |   6489 |    371 |   1373 |   3554 |   5 | 1372.0 |
        Depths |   7699 |   7488 |    211 |   1939 |   3655 |   4 | 1924.8 |
        Bailey |    298 |    298 |      0 |      0 |    181 |   1 |  298.0 |
      Gauntlet |    563 |    563 |      0 |     78 |    230 |   1 |  563.0 |
               +--------+--------+--------+--------+--------+-----+--------+

Top non-repeatable levels by time:
Depths:3: 2954 daAuts
     D:8: 2129 daAuts
Depths:2: 2062 daAuts
 Snake:4: 2008 daAuts
     D:9: 1952 daAuts
Vaults:2: 1910 daAuts
Vaults:4: 1889 daAuts
     D:7: 1860 daAuts
Vaults:1: 1841 daAuts
Depths:1: 1744 daAuts
 Snake:3: 1719 daAuts
    D:13: 1537 daAuts
  Lair:5: 1503 daAuts
     D:3: 1439 daAuts
   Orc:1: 1422 daAuts
